 Dungeon Crawl Stone Soup version 0.29-a0-834-g1e95ca9f62 (webtiles) character file.

Game seed: 10185336114615744408

140 gobodom the Stinger (level 5, 0/28 HPs)
             Began as a Tengu Venom Mage on July 12, 2022.
             Slain by Sigmund
             ... wielding a +0 scythe
              (12 damage)
             ... on level 3 of the Dungeon.
             The game lasted 00:07:34 (3035 turns).

gobodom the Stinger (Tengu Venom Mage)              Turns: 3035, Time: 00:07:35

Health: 0/28       AC:  3    Str:  8    XL:     5   Next: 22%
Magic:  10/10      EV: 15    Int: 18    God:
Gold:   120        SH:  0    Dex: 14    Spells: 9/10 levels left

rFire   . . .      SeeInvis .   m - +0 hand axe
rCold   . . .      Faith    .   (no shield)
rNeg    . . .      Spirit   .   a - +0 robe
rPois   .          Reflect  .   (helmet restricted)
rElec   .          Harm     .   (no cloak)
rCorr   .          Rampage  .   j - +0 pair of gloves
Will    .....                   (boots unavailable)
Stlth   ++........              (no amulet)
HPRegen 0.09/turn               (no ring)
MPRegen 0.12/turn               (no ring)

@: flying quickly and evasively, quick
A: beak, talons 3, nimble flight
a: no special abilities


You were on level 3 of the Dungeon.
You visited 1 branch of the dungeon, and saw 3 of its levels.

You collected 120 gold pieces.

Inventory:

Hand Weapons
 m - a +0 hand axe (weapon)
 o - a +0 dagger of venom
 p - a +2 whip of pain
Missiles
 k - 5 atropa-tipped darts
Armour
 a - a +0 robe (worn)
 f - a scarf of harm
 j - a +0 pair of gloves (worn)
Wands
 l - a wand of polymorph (5)
Scrolls
 c - 2 scrolls of teleportation
 d - 3 scrolls of identify
 i - 2 scrolls of poison
 q - a scroll of enchant weapon {unknown}
Potions
 b - a potion of magic
 e - 4 potions of curing
 g - a potion of heal wounds
 h - a potion of brilliance
 n - a potion of might {unknown}
 r - a potion of ambrosia {unknown}


   Skills:
 + Level 0.1 Fighting
 + Level 2.3 Dodging
 + Level 2.1 Stealth
 + Level 0.2 Unarmed Combat
 + Level 3.1 Spellcasting
 + Level 2.1 Transmutations
 + Level 4.1 Poison Magic


You had 9 spell levels left.
You knew the following spells:

 Your Spells              Type           Power      Damage    Failure   Level
a - Sting                 Tmut/Pois      56%        1d5       4%          1

Your spell library contained the following spells:

 Spells                   Type           Power      Damage    Failure   Level
 Poisonous Vapours        Pois/Air       20%        N/A       11%         2
 Apportation              Tloc           4%         N/A       16%         1
 Sublimation of Blood     Necr           2%         N/A       24%         2
 Mephitic Cloud           Conj/Pois/Air  7%         N/A       28%         3
 Olgreb's Toxic Radiance  Pois           17%        N/A       30%         4
 Petrify                  Tmut/Erth      6%         N/A       71%         4
 Alistair's Intoxication  Tmut/Pois      9%         N/A       77%         5
 Irradiate                Conj/Tmut      3%         3d12      96%         5


Dungeon Overview and Level Annotations

Branches:
Dungeon (3/15)

Altars:
Ru

Annotations:
D:3 Sigmund


Innate Abilities, Weirdness & Mutations

You have a beak for a mouth.
You have claws for feet.
Your magical nature lets you fly swiftly and evasively.


Message History

You see here a +0 ring mail.
Jessica the Apprentice Sorceress comes into view.
She is wielding a +0 club.
Jessica shouts!
Jessica gestures at you while chanting. Pain shoots through your body!
The sting misses Jessica.
You miscast Sting.
You are very lightly contaminated with residual magic.
Nothing appears to happen.
You completely miss Jessica. Your kick misses Jessica.
Jessica barely misses you.
The sting hits Jessica.
Jessica is poisoned.
Jessica is moderately wounded.
Jessica hits you with a +0 club.
The sting hits Jessica.
Jessica looks even sicker.
Jessica is severely wounded.
You kill Jessica!
Your Transmutations skill increases to level 2!
Your Poison Magic skill increases to level 4!
You have reached level 5!
Your magical nature develops, letting you fly swiftly and evasively.
Things that are here:
a +0 club; a +0 robe Your magical contamination has completely faded away.
Sigmund the Dreaded comes into view.
He is wielding a +0 scythe.
Sigmund shouts!
Sigmund mumbles some strange words.
Sigmund flickers and vanishes!
Deactivating autopickup; reactivate with Ctrl-A.
You see here a +0 ring mail.
A magic dart appears from out of thin air!
The magic dart hits you. Something hits you.
You hit something but do no damage. Your kick misses something.
You peck something. You closely miss something. Your kick misses something.
You hear some strange, mumbled words.
A puff of flame appears from out of thin air!
The puff of flame hits you! Something hits you!
You die...

### ##.##
#######...###############
........................#
......<..........######.#
####.###.####...@# #.#
#.# ###
#.#{#######.######### #.#
#.#...[......)......# #.#
#.#########.#######.# #.#
#.# #.# #.# #.# #.# #.#
#.# #.# ####.# #.# #.#
#.##.# ...


There were no monsters in sight!

Vanquished Creatures
  A hound (D:3)
  Jessica (D:3)
  An adder (D:2)
  An orc (D:3)
  11 bats
  4 endoplasms (D:1)
  5 giant cockroaches
  9 goblins
  6 hobgoblins
  4 jackals (D:1)
  11 ball pythons
  5 frilled lizards
  5 kobolds
  2 rats
66 creatures vanquished.

Notes
Turn   | Place    | Note
-------+----------+-------------------------------------------
     0 | D:1      | gobodom the Tengu Venom Mage began the quest for the Orb.
     0 | D:1      | Reached XP level 1. HP: 10/10 MP: 4/4
   207 | D:1      | Reached XP level 2. HP: 9/15 MP: 1/6
   541 | D:1      | Reached skill level 1 in Transmutations
   843 | D:1      | Reached XP level 3. HP: 19/19 MP: 5/7
  1663 | D:2      | Found a faded altar of an unknown god.
  1906 | D:2      | Reached XP level 4. HP: 21/24 MP: 3/9
  2819 | D:3      | Found a sacrificial altar of Ru.
  2943 | D:3      | Noticed Jessica
  2951 | D:3      | Killed Jessica
  2952 | D:3      | Reached skill level 4 in Poison Magic
  2952 | D:3      | Gained mutation: Your magical nature lets you fly swiftly
                  | and evasively. [Tengu growth]
  2952 | D:3      | Reached XP level 5. HP: 23/28 MP: 5/10
  3015 | D:3      | Noticed Sigmund
  3035 | D:3      | Slain by Sigmund

Illustrated notes

Levels and vault maps discovered:
D:1:      sevenhm_arrival_forest_fort_small_4, layout_basic
D:2:      layout_basic, shapermc_ecumenical_altar_pompeii, grunt_decor_fettered,
          kennysheep_generic_room_8
D:3:      layout_loops_ring, nicolae_ru_awakened_eye, uniq_jessica, uniq_sigmund

Skill      XL: |  1  2  3  4 |
---------------+-------------+-----
Transmutations | 1 2 |  2.1
Spellcasting   | 3 |  3.1
Poison Magic   | 4 |  4.1
Fighting       | |  0.1
Dodging        | |  2.3
Stealth        | |  2.1
Unarmed Combat | |  0.2

Action                   |  1- 3 |  4- 6 || total
-------------------------+-------+-------++-------
Melee: Unarmed           |    22 |     7 ||    29
       Kick              |     5 |     4 ||     9
       Peck              |     2 |     2 ||     4
       Punch             |     1 |       ||     1
       Hand axe          |       |     9 ||     9
 Cast: Sting             |    80 |    32 ||   112
  Use: Scroll            |       |     5 ||     5
Armor: Robe              |    10 |     7 ||    17
Dodge: Dodged            |    31 |    19 ||    50

Table legend: (Time is in decaauts)
 A = Elapsed time spent in this place.
 B = Non-inter-level travel time spent in this place.
 C = Inter-level travel time spent in this place.
 D = Time resting spent in this place.
 E = Time spent auto-exploring this place.
 F = Levels seen in this place.
 G = Mean time per level.
                   A        B        C        D        E       F      G
               +--------+--------+--------+--------+--------+-----+--------+
         Total |   3033 |   2983 |     50 |     27 |   2493 |   3 | 1011.0 |
       Dungeon |   3033 |   2983 |     50 |     27 |   2493 |   3 | 1011.0 |
               +--------+--------+--------+--------+--------+-----+--------+

Top non-repeatable levels by time:
     D:1: 1613 daAuts
     D:2: 898 daAuts
     D:3: 522 daAuts
